 Dungeon Crawl Stone Soup version 0.21-a0-260-g9b2435e (webtiles) character file.

21 tidbits the Grave Robber (level 2, -6/20 HPs)
             Began as a Draconian Necromancer on Sept 7, 2017.
             Mangled by a worm (9 damage)
             ... on level 2 of the Dungeon.
             The game lasted 00:03:07 (444 turns).

tidbits the Grave Robber (Draconian Necromancer)     Turns: 444, Time: 00:03:07

Health: -6/20      AC:  4    Str: 10    XL:     2   Next: 65%
Magic:  0/5        EV: 12    Int: 15    God:
Gold:   47         SH:  0    Dex: 11    Spells: 3/5 levels left

rFire    . . .     SeeInvis .   a - +0 dagger
rCold    . . .     Gourm    .   (no shield)
rNeg     . . .     Faith    .   (armour unavailable)
rPois    .         Spirit   .   (helmet restricted)
rElec    .         Reflect  .   (no cloak)
rCorr    .         Harm     .   (no gloves)
MR       .....                  (no boots)
Stlth    ++........             (no amulet)
HPRegen  0.06/turn              (no ring)
MPRegen  0.09/turn              (no ring)

@: no status effects
A: unfitting armour, cold-blooded, AC +4
a: no special abilities


You were on level 2 of the Dungeon.
You were not hungry.

You visited 1 branch of the dungeon, and saw 2 of its levels.

You collected 47 gold pieces.

Inventory:

Hand Weapons
 a - a +0 dagger (weapon)
Missiles
 e - 33 stones (quivered)
 f - 22 arrows
 i - 20 sling bullets
Scrolls
 h - a scroll of identify {unknown}
Potions
 j - a potion of flight {unknown}
Books
 d - a book of Necromancy

   Spells                             Type                      Level
   a - Pain                           Necromancy                   1
   b - Animate Skeleton               Necromancy                   1
   c - Vampiric Draining              Necromancy                   3
   d - Regeneration                   Charms/Necromancy            3
   e - Animate Dead                   Necromancy                   4
   f - Control Undead                 Necromancy                   4
Comestibles
 b - 2 bread rations
 c - 3 fruits
 g - 2 royal jellies


   Skills:
 - Level 1.7 Dodging
 - Level 1.7 Stealth
 + Level 2.4 Spellcasting
 * Level 4.5 Necromancy


You had 3 spell levels left.
You knew the following spells:

 Your Spells              Type           Power        Failure   Level  Hunger
n - Animate Skeleton      Necr           N/A          3%          1    #......
z - Pain                  Necr           ###.         3%          1    #......


Dungeon Overview and Level Annotations

Branches:
Dungeon (2/15)

Altars:


Innate Abilities, Weirdness & Mutations

Your plain brown scales are hard. (AC +4)
You cannot fit into any form of body armour.
You are cold-blooded and may be slowed by cold attacks.


Message History

Confirm with . or Enter, or press ? or * to list all spells.
Aiming: Pain
Press: ? - help, Shift-Dir - straight line, f - dart slug
Aim: a dart slug (chance to defeat MR: 85%)
The dart slug writhes in agony!
The dart slug closely misses you.
Casting: Pain
Confirm with . or Enter, or press ? or * to list all spells.
Aiming: Pain
Press: ? - help, Shift-Dir - straight line, f/p - dart slug
Aim: a dart slug (moderately wounded, chance to defeat MR: 85%)
The dart slug writhes in agony!
Casting: Pain
Confirm with . or Enter, or press ? or * to list all spells.
Aiming: Pain
Press: ? - help, Shift-Dir - straight line, f/p - dart slug
Aim: a dart slug (severely wounded, chance to defeat MR: 85%)
The dart slug writhes in agony!
The dart slug barely misses you.
You hit the dart slug.
You kill the dart slug!
You see here a bread ration.
b - 2 bread rations (gained 1)
Found a whip.
You see here 7 gold pieces.
You now have 47 gold pieces (gained 7).
A jackal and a worm come into view.
Found a bread ration.
Found 9 gold pieces and a scroll labeled ZEMMOM MIOGITI.
A worm comes into view.
Okay, then.
Casting: Pain
Confirm with . or Enter, or press ? or * to list all spells.
Aiming: Pain
Press: ? - help, Shift-Dir - straight line, f - worm
Aim: a worm (chance to defeat MR: 80%)
The worm writhes in agony!
Casting: Pain
Confirm with . or Enter, or press ? or * to list all spells.
Aiming: Pain
Press: ? - help, Shift-Dir - straight line, f/p - worm
Aim: a worm (moderately wounded, chance to defeat MR: 80%)
The worm writhes in agony!
Casting: Pain
Confirm with . or Enter, or press ? or * to list all spells.
Aiming: Pain
Press: ? - help, Shift-Dir - straight line, f/p - worm
Aim: a worm (heavily wounded, chance to defeat MR: 80%)
The worm writhes in agony!
Casting: Pain
Confirm with . or Enter, or press ? or * to list all spells.
Aiming: Pain
Press: ? - help, Shift-Dir - straight line, f/p - worm
Aim: a worm (heavily wounded, chance to defeat MR: 80%)
The worm barely resists.
Casting: Pain
Confirm with . or Enter, or press ? or * to list all spells.
Aiming: Pain
Press: ? - help, Shift-Dir - straight line, f/p - worm
Aim: a worm (heavily wounded, chance to defeat MR: 80%)
The worm writhes in agony!
You hit the worm.
The worm is severely wounded.
You hit the worm.
The worm is severely wounded.
The worm misses you.
You barely miss the worm. You tail-slap the worm.
The worm is almost dead.
You barely miss the worm.
The worm is almost dead.
The worm bites you.
* * * LOW HITPOINT WARNING * * *
You hit the worm.
The worm is almost dead.
The worm bites you.
* * * LOW HITPOINT WARNING * * *
You hit the worm but do no damage.
The worm is almost dead.
Casting: Pain
Confirm with . or Enter, or press ? or * to list all spells.
Aiming: Pain
Press: ? - help, Shift-Dir - straight line, f/p - worm
Aim: a worm (severely wounded, chance to defeat MR: 80%)
The worm writhes in agony!
You hit the worm.
You tail-slap the worm, but do no damage.
The worm is almost dead.
The worm barely misses you.
You completely miss the worm.
The worm is almost dead.
You hit the worm.
The worm is almost dead.
The worm completely misses you.
You hit the worm but do no damage.
The worm is almost dead.
You hit the worm but do no damage.
The worm is almost dead.
The worm closely misses you.
You barely miss the worm.
The worm is almost dead.
The worm bites you!
You die...

.%....... ..# . ....... ..h
.##.)...# .. # .......# .. #.
#.....## .# ###. #......##.##
..... #.......#..##..
....?.#############............##
...............w@................
....$.#############.........#....
..... #.........# #.. ....
#.........# . ### #.........#
#.†.<.....# #.........#
#.........# #.........#


You could see a worm.

Vanquished Creatures
  2 dart slugs
  A giant cockroach (D:1)
  A goblin (D:1)
  4 hobgoblins (D:1)
  A jackal (D:1)
  2 kobolds (D:1)
  2 bats (D:1)
  A frilled lizard (D:1)
  2 rats (D:1)
16 creatures vanquished.

Notes
Turn   | Place    | Note
-------+----------+-------------------------------------------
     0 | D:1      | tidbits the Draconian Necromancer began the quest for the Orb.
     0 | D:1      | Reached XP level 1. HP: 14/14 MP: 3/3
   166 | D:1      | Learned a level 1 spell: Animate Skeleton
   188 | D:1      | Reached XP level 2. HP: 16/20 MP: 1/5
   444 | D:2      | Mangled by a worm

Vault maps used:
D:1:      matt_arrival_refuge, minmay_hedge_maze, serial_park_tiny_pond
D:2:      first_bread

Action                   || total
-------------------------++-------
Melee: Dagger            ||    28
       Tailslap          ||     3
 Cast: Pain              ||    31
Armor: Skin              ||     2
Dodge: Dodged            ||    20

Table legend:
 A = Spawn XP
 B = Non-spawn XP
 C = Spawn XP percentage of total XP
 D = Spawn monster count
 E = Non-spawn monster count
 F = Spawn count percentage of total count
 G = Total turns spent on level
                    A         B        C        D         E        F      G
               +---------+---------+-------+---------+---------+-------+---------
         Total |       0 |      31 |   0.0 |       0 |      16 |   0.0 |   444
               +---------+---------+-------+---------+---------+-------+---------
           D:1 |       0 |      27 |   0.0 |       0 |      15 |   0.0 |   373
           D:2 |       0 |       4 |   0.0 |       0 |       1 |   0.0 |    71
               +---------+---------+-------+---------+---------+-------+---------

Table legend:
 A = Turns spent in this place as a percentage of turns spent in the entire game.
 B = Non-inter-level travel turns spent in this place as a percentage of non-inter-level travel turns spent in the entire game.
 C = Inter-level travel turns spent in this place as a percentage of turns spent in this place.
 D = Turns resting spent in this place as a percentage of non-inter-level travel turns spent in this place.
 E = Turns spent auto-exploring this place as a percentage of non-inter-level travel turns spent in this place.
 F = Non-inter-level travel turns spent in this place divided by the number of levels of this place that you've seen.
                   A       B       C       D       E      F
               +-------+-------+-------+-------+-------+----------------------
         Total | 100.0 | 100.0 |   0.0 |   0.0 |   0.0 | 222.0
       Dungeon | 100.0 | 100.0 |   0.0 |   0.0 |   0.0 | 222.0
               +-------+-------+-------+-------+-------+----------------------

Table legend:
 A = Kills in this place as a percentage of kills in entire the game.
 B = Kills by you in this place as a percentage of kills by you in the entire game.
 C = Kills by friends in this place as a percentage of kills by friends in the entire game.
 D = Other kills in this place as a percentage of other kills in the entire game.
 E = Experience gained in this place as a percentage of experience gained in the entire game.
 F = Experience gained in this place divided by the number of levels of this place that you have seen.
                   A       B       C       D       E      F
               +-------+-------+-------+-------+-------+----------------------
         Total | 100.0 | 100.0 |   N/A |   N/A | 100.0 |  15.5
       Dungeon | 100.0 | 100.0 |   N/A |   N/A | 100.0 |  15.5
               +-------+-------+-------+-------+-------+----------------------

Vault maps used:
D:1:      matt_arrival_refuge, minmay_hedge_maze, serial_park_tiny_pond
D:2:      first_bread
